 Dungeon Crawl Stone Soup version 0.18-a0-1692-g516f9e9 (webtiles) character file.

39477 Torro the Blocker (level 13, -11/119 HPs)
             Began as a Pale Draconian Fighter on Apr 5, 2016.
             Was a Priest of Qazlal.
             Killed from afar by a fire dragon (31 damage)
             ... with a blast of flame
             ... on level 15 of the Dungeon.
             The game lasted 01:18:26 (18572 turns).

Torro the Blocker (Pale Draconian Fighter)         Turns: 18572, Time: 01:18:27

Health: -11/119    AC: 12    Str: 31    XL:     13   Next: 69%
Magic:  13/13      EV: 19    Int: 10    God:    Qazlal [***...]
Gold:   637        SH: 24    Dex: 13    Spells: 1 memorised, 9 levels left

rFire  . . .     SeeInvis .     p - +2 hand axe (elec)
rCold  . . .     Gourm    .     (armour unavailable)
rNeg   . . .     Faith    .     b - +5 shield
rPois  +         Spirit   .     (helmet restricted)
rElec  .         Dismiss  .     l - +2 cloak
rCorr  .         Reflect  .     a - +0 pair of gloves of Beogh's Favour {rPois MR- Dex+2}
SustAt .         Harm     .     (no boots)
MR     .....                    (no amulet)
Stlth  +.........               g - +6 ring of strength
                                o - +3 ring of strength

@: short of breath, very slightly contaminated, hasted, very quick, not
resistant to hostile enchantments, very unstealthy
A: breathe steam, unfitting armour, cold-blooded, AC +8
a: Breathe Steam, Upheaval, Elemental Force, Renounce Religion


You were on level 15 of the Dungeon.
You worshipped Qazlal.
Qazlal was most pleased with you.
You were not hungry.

You visited 2 branches of the dungeon, and saw 17 of its levels.

You collected 1348 gold pieces.
You spent 711 gold pieces at shops.

Inventory:

Hand Weapons
 p - a +2 hand axe of electrocution (weapon)
 y - a +2 scimitar of flaming
Armour
 a - the +0 pair of gloves of Beogh's Favour (worn) {rPois MR- Dex+2}
   (You bought it in a shop on level 10 of the Dungeon)

   It affects your dexterity (+2).
   It protects you from poison.
   It affects your resistance to hostile enchantments.
 b - a +5 shield (worn)
 l - a +2 cloak (worn)
Jewellery
 g - a +6 ring of strength (right hand)
 h - a +3 ring of dexterity {unknown}
 o - a +3 ring of strength (left hand)
Scrolls
 e - 2 scrolls of amnesia
 f - 3 scrolls of remove curse
 j - 5 scrolls of recharging
 m - a scroll of teleportation
 q - 6 scrolls of fog
 s - 3 scrolls of magic mapping
 u - a scroll of blinking
 v - 2 scrolls of identify
 z - a scroll of silence {unknown}
Potions
 c - 2 potions of might
 i - 3 potions of cure mutation
 k - a potion of haste
 r - a potion of cancellation
 t - a potion of flight
 x - 3 potions of curing
 B - a potion of brilliance
Comestibles
 d - 13 bread rations
 n - a meat ration
 w - 10 royal jellies
 A - 2 chunks of flesh


   Skills:
 + Level 12.7 Fighting
 + Level 9.8 Axes
 * Level 12.8 Dodging
 * Level 12.9 Shields


You had 9 spell levels left.
You knew the following spells:

 Your Spells              Type           Power        Failure   Level  Hunger
a - Regeneration          Chrm/Necr      #.........   97%         3    ####...


Dungeon Overview and Level Annotations

Branches:
Dungeon (15/15)            Temple (0/1) D:7            Lair (0/8) D:10
    Orc (2/2) D:9          Vaults (0/5) D:13
    Elf: Orc:2       Depths: D:15

Altars:
Cheibriados
Dithmenos
Kikubaaqudgha
Nemelex Xobeh
Okawaru
Qazlal
Sif Muna
Zin
The Shining One
Beogh

Shops:
D:5 =   D:6 [   D:10 !:}*?


Innate Abilities, Weirdness & Mutations

You can breathe blasts of scalding, opaque steam.
Your pale cyan-grey scales are hard (AC +8).
Your body does not fit into most forms of armour.
You are cold-blooded and may be slowed by cold attacks.


Message History

You are too injured to fight recklessly!
You are too injured to fight recklessly!
You are too injured to fight recklessly!
You are too injured to fight recklessly!
You have got your breath back.
Eat which item? (? for menu, Esc to quit)
Okay, then.
Press: ? - help, Shift-Dir - straight line, f - fire dragon
Aim: a fire dragon (catching its breath)
You exhale a blast of scalding steam.
The ball of steam hits the fire dragon.
The fire dragon resists.
The fire dragon is lightly wounded.
You feel somewhat more hungry. You block the fire dragon's attack. x3
Drink which item? (? for menu, Esc to quit)
You feel yourself speed up. You block the fire dragon's attack. x2
The fire dragon tramples you but does no damage.
You are very lightly contaminated with residual magic.
The fire dragon breathes flames at you. The blast of flame hits you!
You die...

#...# #..# ### #..#
.$$$ #..# #####.....
#..# ##....D# #..#
##...# #..# ##..8.##
#..# .#)...D.#
#######..#
........####.D..@...#
.............ยง####..#
.######.......# #..#
#.......# #..#
#.......# #..#
#.......# #..#
#.......# #..#
#.......# #..#
#.......# #..#


You could see a fire dragon.

Vanquished Creatures
  Louise (D:14)
  Nessos (D:13)
  2 vault guards (D:13)
  An ice dragon (D:15)
  Erolcha (D:13)
  3 centaur warriors
  A death yak (D:10)
  An ogre mage (D:15)
  A wizard (D:13)
  5 hill giants
  2 necromancers (D:13)
  A deep elf mage (D:13)
  4 ugly things
  A manticore (D:14)
  An orc sorcerer (Orc:1)
  A griffon (D:14)
  2 cyclopes (D:14)
  A black mamba (shapeshifter) (D:15)
  An efreet (D:15)
  5 yaktaurs (D:15)
  A freezing wraith (D:15)
  6 trolls
  A tengu conjurer (D:13)
  Prince Ribbit (D:8)
  A two-headed ogre (D:11)
  2 slime creatures (D:13)
  Sigmund (D:6)
  2 shadows
  2 wraiths
  18 yaks
  4 wyverns
  Grum (D:8)
  18 humans (D:13)
  3 hungry ghosts (D:7)
  4 vampire mosquitoes (D:13)
  2 hippogriffs
  3 wargs
  A water moccasin (D:10)
  16 orc warriors
  A black bear (D:9)
  2 eyes of draining (D:14)
  An ice beast (D:10)
  2 sky beasts
  3 wasps
  2 phantoms
  A necrophage (D:7)
  14 ogres
  4 wolves (D:8)
  25 centaurs
  A crocodile (D:12)
  A big kobold (shapeshifter) (D:13)
  6 big kobolds
  4 gnoll sergeants (D:9)
  9 giant frogs
  A wyvern zombie (D:10)
  9 jellies
  A water moccasin zombie (D:7)
  3 scorpions
  2 vampire bats (D:7)
  3 killer bees (D:12)
  14 wights
  2 howler monkeys
  10 crimson imps
  2 giant frog zombies
  A centaur zombie (D:7)
  7 orc priests
  2 centaur skeletons
  A giant frog skeleton (D:11)
  8 hounds
  20 orc wizards
  5 iguanas
  11 worker ants
  2 sheep (D:10)
  A hound skeleton (D:7)
  Robin (D:2)
  A worker ant zombie (D:7)
  12 adders
  6 gnolls (D:9)
  A river rat (D:5)
  4 shadow imps
  8 oozes
  4 worms
  2 dart slugs
  9 giant geckos
  62 orcs
  A ball python (D:5)
  A bat skeleton (D:7)
  3 bat zombies (D:7)
  5 giant cockroaches
  5 hobgoblins
  2 quokkas
  10 bats
  A giant gecko skeleton (D:4)
  2 giant gecko zombies
  9 giant newts
  11 goblins
  2 jackal skeletons
  8 kobolds
  6 rats
480 creatures vanquished.

Vanquished Creatures (others)
  A worker ant (D:13)
1 creature vanquished.

Grand Total: 481 creatures vanquished

Notes
Turn   | Place    | Note
--------------------------------------------------------------
     0 | D:1      | Torro the Draconian Fighter began the quest for the Orb.
     0 | D:1      | Reached XP level 1. HP: 19/19 MP: 1/1
   104 | D:1      | Reached XP level 2. HP: 18/26 MP: 2/2
   526 | D:2      | Noticed Robin
   537 | D:2      | Reached XP level 3. HP: 18/31 MP: 3/3
   538 | D:2      | Killed Robin
   898 | D:2      | Found a shadowy altar of Dithmenos.
  1971 | D:3      | Reached XP level 4. HP: 22/40 MP: 4/4
  2770 | D:4      | Reached XP level 5. HP: 46/46 MP: 5/5
  2968 | D:4      | Noticed a phantom
  3055 | D:4      | Killed a phantom
  3055 | D:4      | Reached XP level 6. HP: 18/53 MP: 6/6
  3534 | D:5      | Entered Level 5 of the Dungeon
  3555 | D:5      | Found Qutt's Jewellery Shop.
  3681 | D:5      | Bought a +3 ring of strength for 219 gold pieces
  3950 | D:5      | Found a snail-covered altar of Cheibriados.
  3951 | D:5      | Found a deep blue altar of Sif Muna.
  3952 | D:5      | Reached skill level 5 in Fighting
  3952 | D:5      | Your scales start taking on a pale cyan-grey colour.
  3952 | D:5      | Reached XP level 7. HP: 61/61 MP: 7/7
  4057 | D:5      | Reached skill level 5 in Dodging
  4367 | D:5      | Found a glowing golden altar of the Shining One.
  4666 | D:6      | Found Pekoegel's Armour Shoppe.
  4679 | D:6      | Found a stormy altar of Qazlal.
  4688 | D:6      | Became a worshipper of Qazlal Stormbringer
  4727 | D:6      | Noticed Sigmund
  4738 | D:6      | Reached skill level 5 in Shields
  4739 | D:6      | Killed Sigmund
  4739 | D:6      | Reached XP level 8. HP: 59/70 MP: 8/8
  5312 | D:6      | Reached skill level 5 in Axes
  6059 | D:7      | Reached XP level 9. HP: 80/80 MP: 9/9
  6070 | D:7      | Found a glowing silver altar of Zin.
  6204 | D:7      | Reached * piety under Qazlal
  6397 | D:7      | Found an iron altar of Okawaru.
  6586 | D:7      | Found an ancient bone altar of Kikubaaqudgha.
  6674 | D:7      | Noticed a hill giant
  6690 | D:7      | Killed a hill giant
  6787 | D:7      | Found a staircase to the Ecumenical Temple.
  6910 | D:7      | Reached ** piety under Qazlal
  7109 | D:8      | Found a sparkling altar of Nemelex Xobeh.
  7247 | D:8      | Noticed Prince Ribbit
  7257 | D:8      | Reached XP level 10. HP: 73/91 MP: 10/10
  7302 | D:8      | Killed Prince Ribbit
  7389 | D:8      | Noticed Grum
  7418 | D:8      | Killed Grum
  8185 | D:9      | Reached skill level 10 in Fighting
  8271 | D:9      | Found a staircase to the Orcish Mines.
  9266 | D:9      | Reached *** piety under Qazlal
  9287 | Orc:1    | Entered Level 1 of the Orcish Mines
  9287 | Orc:1    | Found a roughly hewn altar of Beogh.
  9318 | Orc:1    | Reached XP level 11. HP: 79/101 MP: 11/11
 10299 | Orc:2    | Entered Level 2 of the Orcish Mines
 10357 | Orc:1    | HP: 5/101 [poisoned by an orc warrior]
 10362 | Orc:1    | HP: 2/101 [poisoned by an orc warrior]
 10368 | Orc:1    | HP: 1/101 [poisoned by an orc warrior]
 10374 | Orc:1    | HP: 1/101 [poisoned by an orc warrior]
 10382 | Orc:1    | HP: 1/101 [poisoned by an orc warrior]
 10572 | Orc:1    | Noticed an orc sorcerer
 10624 | Orc:1    | HP: 1/101 [wraith[Josephine] (6)]
 10783 | Orc:1    | Killed an orc sorcerer
 11313 | D:10     | Entered Level 10 of the Dungeon
 11402 | D:10     | Noticed a death yak
 11432 | D:10     | Reached skill level 10 in Dodging
 11435 | D:10     | Reached **** piety under Qazlal
 11441 | D:10     | Killed a death yak
 11622 | D:10     | Found Feehal's Magic Scroll Emporium.
 11641 | D:10     | Bought a scroll of brand weapon for 260 gold pieces
 11656 | D:10     | Learned a level 3 spell: Regeneration
 11684 | D:10     | Found Muti's General Store.
 11687 | D:10     | Bought the +0 pair of gloves of Beogh's Favour {rPois MR- Dex+2} for 172 gold pieces
 11718 | D:10     | Found a staircase to the Lair.
 11803 | D:10     | Found Ujiw's Book Shop.
 11826 | D:10     | Found Vowuc's Distillery.
 11834 | D:10     | Bought a potion of heal wounds for 60 gold pieces
 11840 | D:10     | Noticed a hill giant
 11851 | D:10     | Killed a hill giant
 11902 | D:10     | Found Mysaj's Gadget Emporium.
 12607 | D:11     | Noticed a brown ugly thing
 12632 | D:11     | Killed a brown ugly thing
 13255 | D:11     | Identified the Reference Book on Lucky Fire
 13698 | D:12     | Noticed a green ugly thing
 13706 | D:12     | Killed a green ugly thing
 13760 | D:12     | Noticed a hill giant
 13778 | D:12     | Killed a hill giant
 13778 | D:12     | Reached skill level 10 in Shields
 14449 | D:13     | Noticed Nessos
 14868 | D:13     | Killed Nessos
 14868 | D:13     | Reached XP level 12. HP: 89/110 MP: 12/12
 14963 | D:13     | Noticed Erolcha
 14983 | D:13     | Killed Erolcha
 15076 | D:13     | Noticed a centaur warrior
 15089 | D:13     | Killed a centaur warrior
 15702 | D:13     | Paralysed by a wizard for 3 turns
 15722 | D:13     | Noticed a vault guard
 15738 | D:13     | Killed a vault guard
 15746 | D:13     | Noticed a vault guard
 15762 | D:13     | Killed a vault guard
 15907 | D:13     | Reached XP level 13. HP: 75/118 MP: 13/13
 15962 | D:13     | Found a gate to the Vaults.
 16689 | D:14     | Noticed Louise
 16709 | D:14     | Killed Louise
 18085 | D:15     | Entered Level 15 of the Dungeon
 18548 | D:15     | Noticed a fire dragon
 18572 | D:15     | Killed from afar by a fire dragon

Vault maps used:
D:1:      elethiomel_arrival_fortress_basement
D:2:      serial_glass, glass_columns_a, glass_columns_a, minmay_misc_feat_room,
          nicolae_dithmenos_shadow_blocks, uniq_robin
D:4:      first_bread
D:5:      lemuel_coloured_pillars_altar, gammafunk_temple_overflow_pools,
          serial_shops, shop, portal_sewer_entry_b
D:6:      nicolae_qazlal_eye_of_the_storm, serial_shops, shop, uniq_sigmund
D:7:      kennysheep_vampire_church, okawaru_gym_becter,
          nicolae_overflow_crystal_walls, minmay_temple_entry_poolview
D:8:      basic_altar, uniq_prince_ribbit1, uniq_grum
D:9:      kennysheep_little_box, kennysheep_orc_monster_closet_entryway
D:10:     dpeg_lair_monsters, serial_shops, nicolae_shop_behind_doors, shop,
          shop_fountains, shop, kennysheep_mini
D:13:     minmay_triangles_in_corner, grunt_vaults_entry_tiered,
          hangedman_little_slice_of_home, uniq_nessos, uniq_erolcha
D:14:     hangedman_abyss_or_decor_stabs, dk_noncrumbling_2, uniq_louise
D:15:     grunt_enter_depths_hoard, nicolae_ru_awakened_eye, kennysheep_doodads,
          hangedman_abyss_or_decor_lesser_grid
Orc:1:    mines2_david
Orc:2:    st_orc_open, mines5_lemuel, uniq_josephine, uniq_rupert, uniq_sonja,
          uniq_snorg

Skill      XL: |  1  2  3  4  5  6  7  8  9 10 11 12 13 |
---------------+----------------------------------------+-----
Dodging        | 3 4 5 6 8 9 10 11 12 | 12.8
Fighting       | 4 5 6 7 9 10 11 12 | 12.7
Axes           | 3 4 5 6 7 8 9 |  9.8
Shields        | 4 5 6 8 10 11 12 | 12.9

Action                   |  1- 3 |  4- 6 |  7- 9 | 10-12 | 13-15 || total
-------------------------+-------+-------+-------+-------+-------++-------
Melee: War axe           |   112 |   162 |   100 |       |       ||   374
       Hand axe          |       |       |   185 |   725 |   247 ||  1157
Invok: Upheaval          |       |       |     1 |    13 |    12 ||    26
       Elemental Force   |       |       |       |     1 |       ||     1
 Abil: Breathe Steam     |       |       |    39 |    62 |    24 ||   125
  Use: Potion            |     4 |     4 |     3 |     8 |     1 ||    20
       Scroll            |     1 |     9 |    11 |    12 |     1 ||    34
 Stab: Sleeping          |     1 |       |       |       |       ||     1
  Eat: Chunk             |     4 |     2 |     7 |     5 |     3 ||    21
       Meat ration       |       |     1 |     2 |     3 |     1 ||     7
       Royal jelly       |       |       |     1 |     3 |       ||     4
       Beef jerky        |       |       |     1 |     1 |     1 ||     3
       Bread ration      |       |       |     1 |     1 |       ||     2
       Fruit             |       |       |       |     6 |     1 ||     7
